2496 views
Uploaded 2020-02-27 19:32:41
Game version 1.32.2
9:28 long 1on1 ladder game on (4)TwistedMeadows
Saved by BEARAND
2496 views
Uploaded 2020-02-27 19:32:41
Game version 1.32.2
9:28 long 1on1 ladder game on (4)TwistedMeadows

25 units @ 3.6k
/ 0.2k
11 buildings @ 1.2k
/ 0.5k


| Periapt of Vitality | 1 | 325 |
| total: | 1 | 325g |
| Peasant | 8 | 600 | / | 0 |
| Footman | 8 | 1080 | / | 0 |
| Rifleman | 4 | 820 | / | 120 |
| Forest Troll Shadow Priest | 3 | 585 | / | 30 |
| Forest Troll Berserker | 2 | 490 | / | 60 |
| total: | 25 | 3575g | / | 210w |
| Altar of Kings | 1 | 180 | / | 50 |
| Farm | 7 | 560 | / | 140 |
| Barracks | 1 | 160 | / | 60 |
| Blacksmith | 1 | 140 | / | 60 |
| Arcane Sanctum | 1 | 150 | / | 140 |
| Keep | 1 | 320 | / | 210 |
| total: | 11 | 1190g | / | 450w |
| 0:06 | Altar of Kings |
| 0:07 | Peasant |
| 0:07 | Peasant |
| 0:07 | Peasant |
| 0:24 | Farm |
| 0:39 | Barracks |
| 0:45 | Peasant |
| 0:52 | Farm |
| 0:55 | Peasant |
| 1:02 | Peasant |
| 1:19 | Peasant |
| 1:26 | Farm |
| 1:40 | Footman |
| 1:42 | Peasant |
| 1:54 | Footman |
| 2:06 | Summon Water Elemental |
| 2:09 | Farm |
| 2:16 | Footman |
| 2:37 | Forest Troll Shadow Priest |
| 2:52 | Footman |
| 3:08 | Footman |
| 3:11 | Farm |
| 3:28 | Brilliance Aura |
| 3:36 | Footman |
| 3:40 | Forest Troll Berserker |
| 3:40 | Forest Troll Berserker |
| 3:59 | Farm |
| 4:29 | Keep |
| 4:38 | Forest Troll Shadow Priest |
| 4:53 | Blacksmith |
| 5:22 | Footman |
| 5:37 | Periapt of Vitality |
| 6:05 | Footman |
| 6:07 | Rifleman |
| 6:18 | Rifleman |
| 6:39 | Rifleman |
| 7:10 | Summon Water Elemental |
| 7:33 | Forest Troll Shadow Priest |
| 7:49 | Iron Forged Swords |
| 7:52 | Arcane Sanctum |
| 7:55 | Farm |
| 8:24 | Rifleman |
| 9:11 | Storm Bolt |
| Right click | 450 |
| Select | 125 |
| Chat | 92 |
| Build/train/purchase | 47 |
| Select group | 36 |
| Assign group | 16 |
| Misc. action | 8 |
| Use ability | 1 |
17 units @ 1.3k
/ 0k
24 buildings @ 1.7k
/ 0.7k


| Scroll of Regeneration | 2 | 200 |
| Potion of Healing | 2 | 300 |
| Boots of Speed | 2 | 500 |
| Staff of Teleportation | 1 | 150 |
| total: | 7 | 1150g |
| Peasant | 17 | 1275 | / | 0 |
| total: | 17 | 1275g | / | 0w |
| Scout Tower | 15 | 450 | / | 300 |
| Arcane Tower | 2 | 140 | / | 100 |
| Guard Tower | 12 | 840 | / | 600 |
| Altar of Kings | 1 | 180 | / | 50 |
| Farm | 4 | 320 | / | 80 |
| Lumber Mill | 1 | 120 | / | 0 |
| Arcane Vault | 2 | 260 | / | 60 |
| Town Hall | 1 | 385 | / | 205 |
| Keep | 1 | 320 | / | 210 |
| total: | 24 | 1715g | / | 695w |
| 0:02 | Peasant |
| 0:02 | Peasant |
| 0:07 | Altar of Kings |
| 0:10 | Peasant |
| 0:18 | Farm |
| 0:24 | Peasant |
| 0:31 | Farm |
| 0:33 | Scout Tower |
| 0:41 | Peasant |
| 0:49 | Lumber Mill |
| 1:09 | Arcane Vault |
| 1:16 | Peasant |
| 1:29 | Arcane Vault |
| 1:30 | Peasant |
| 1:34 | Arcane Tower |
| 1:41 | Peasant |
| 1:50 | Scout Tower |
| 1:56 | Peasant |
| 2:08 | Blizzard |
| 2:12 | Peasant |
| 2:16 | Guard Tower |
| 2:17 | Peasant |
| 2:17 | Peasant |
| 2:18 | Peasant |
| 2:56 | Peasant |
| 2:59 | Scout Tower |
| 3:00 | Scout Tower |
| 3:01 | Scout Tower |
| 3:01 | Scout Tower |
| 3:17 | Peasant |
| 3:31 | Guard Tower |
| 3:32 | Keep |
| 3:41 | Scroll of Regeneration |
| 3:58 | Improved Masonry |
| 4:00 | Farm |
| 4:01 | Farm |
| 4:13 | Guard Tower |
| 4:25 | Brilliance Aura |
| 4:36 | Guard Tower |
| 4:50 | Guard Tower |
| 5:44 | Town Hall |
| 6:04 | Scout Tower |
| 6:06 | Scout Tower |
| 6:07 | Scout Tower |
| 6:09 | Scout Tower |
| 6:09 | Scout Tower |
| 6:37 | Arcane Tower |
| 6:37 | Guard Tower |
| 6:45 | Guard Tower |
| 6:59 | Blizzard |
| 7:02 | Storm Bolt |
| 7:04 | Guard Tower |
| 7:05 | Scout Tower |
| 7:06 | Scout Tower |
| 7:50 | Boots of Speed |
| 7:50 | Staff of Teleportation |
| 7:59 | Boots of Speed |
| 8:08 | Potion of Healing |
| 8:08 | Scroll of Regeneration |
| 8:23 | Potion of Healing |
| 8:43 | Bash |
| 8:53 | Peasant |
| 8:53 | Peasant |
| 8:56 | Scout Tower |
| 8:57 | Scout Tower |
| Right click | 1116 |
| Select | 321 |
| Build/train/purchase | 86 |
| Select group | 53 |
| Chat | 43 |
| Use ability | 15 |
| Misc. action | 14 |
| Assign group | 11 |